 Dungeon Crawl Stone Soup version 0.21-a0-91-ga5031da (webtiles) character file.

14 Lavandula the Vexing (level 2, -4/21 HPs)
             Began as a Mummy Arcane Marksman on June 30, 2017.
             Slain by a worker ant (6 damage)
             ... on level 4 of the Dungeon.
             The game lasted 00:03:11 (399 turns).

Lavandula the Vexing (Mummy Arcane Marksman)         Turns: 399, Time: 00:03:11

Health: -4/21      AC:  2    Str: 13    XL:     2   Next: 27%
Magic:  2/4        EV: 12    Int: 12    God:
Gold:   19         SH:  0    Dex: 12    Spells: 2/3 levels left

rFire    . . .     SeeInvis .   a - +0 hand crossbow
rCold    + + .     Gourm    .   (no shield)
rNeg     + + +     Faith    .   e - +0 robe
rPois    ∞         Spirit   .   (no helmet)
rElec    .         Reflect  .   i - scarf {rC+ rF+}
rCorr    .         Harm     .   (no gloves)
MR       .....                  (no boots)
Stlth    +.........             (no amulet)
HPRegen  0.07/turn              (no ring)
MPRegen  0.09/turn              (no ring)

@: no status effects
A: no food or potions, fire vulnerability, cold resistance 1, negative energy
resistance 3, torment resistance, unbreathing
a: no special abilities


You were on level 4 of the Dungeon.
You were not hungry.

You visited 1 branch of the dungeon, and saw 4 of its levels.

You collected 19 gold pieces.

Inventory:

Hand Weapons
 a - a +0 hand crossbow (weapon)
 f - a +0 dagger
Missiles
 b - 18 sling bullets
 d - 11 bolts (quivered)
 j - 2 javelins
Armour
 e - a +0 robe (worn)
 i - a scarf of resistance (worn)
 m - a +0 ring mail
Scrolls
 g - a scroll of fear {unknown}
 h - 2 scrolls of identify {unknown}
 k - a scroll of recharging {unknown}
 l - a scroll of remove curse {unknown}
 n - a scroll of enchant weapon {unknown}
 o - a scroll of fog {unknown}
Books
 c - a book of Debilitation

   Spells                             Type                      Level
   a - Corona                         Hexes                        1
   b - Slow                           Hexes                        2
   c - Inner Flame                    Hexes/Fire                   3
   d - Portal Projectile              Hexes/Translocation          3
   e - Cause Fear                     Hexes                        4
   f - Leda's Liquefaction            Hexes/Earth                  4


   Skills:
 - Level 1.0 Fighting
 + Level 2.3 Crossbows
 - Level 1.5 Dodging
 - Level 1.3 Spellcasting
 - Level 2.7 Hexes


You had 2 spell levels left.
You knew the following spells:

 Your Spells              Type           Power        Failure   Level  Hunger
a - Corona                Hex            #......      10%         1    N/A

Dungeon Overview and Level Annotations

Branches:
Dungeon (4/15)
 Temple: D:4-7

Altars:
Okawaru
Qazlal

Annotations:
D:2 terence !holy, Terence


Innate Abilities, Weirdness & Mutations

You do not eat or drink.
Your flesh is vulnerable to fire.
You are immune to poison.
Your flesh is cold resistant. (rC+)
You are immune to negative energy. (rN+++)
You are immune to unholy pain and torment.
You can survive without breathing.


Message History

Press: ? - help, Shift-Dir - straight line, f/p - worker ant
Aim: a worker ant (heavily wounded, softly glowing)
You shoot a bolt. The bolt hits the worker ant.
The worker ant is heavily wounded.
The worker ant completely misses you. The worker ant closely misses you.
Firing (i - inventory. (,) - cycle):
d - 13 bolts (quivered)
Press: ? - help, Shift-Dir - straight line, f/p - worker ant
Aim: a worker ant (heavily wounded, softly glowing)
You shoot a bolt.
The bolt hits the worker ant but does no damage.
The worker ant is heavily wounded.
The worker ant bites you. The worker ant bites you!
* * * LOW HITPOINT WARNING * * *
Firing (i - inventory. (,) - cycle):
d - 12 bolts (quivered)
Press: ? - help, Shift-Dir - straight line, f/p - worker ant
Aim: a worker ant (heavily wounded, softly glowing)
You shoot a bolt. The bolt hits the worker ant.
The worker ant is almost dead.
The worker ant stops glowing.
The worker ant bites you.
You die... ############# (.....a@....# .##########[#

You could see a worker ant.

Vanquished Creatures
  A bat (D:2)
  2 giant cockroaches
  3 goblins
  2 hobgoblins
  2 ball pythons (D:1)
  2 frilled lizards
  A kobold (D:2)
13 creatures vanquished.

Notes
Turn   | Place    | Note
-------+----------+-------------------------------------------
     0 | D:1      | Lavandula the Mummy Arcane Marksman began the quest for the Orb.
     0 | D:1      | Reached XP level 1. HP: 15/15 MP: 2/2
   126 | D:2      | Found an iron altar of Okawaru.
   176 | D:2      | Reached XP level 2. HP: 11/21 MP: 2/4
   334 | D:2      | Found a stormy altar of Qazlal.
   334 | D:2      | Noticed Terence
   399 | D:4      | Slain by a worker ant

Vault maps used:
D:1:      lemuel_arrival_lava_pool
D:2:      okawaru_trees_2, nicolae_qazlal_eye_of_the_storm, uniq_terence
D:3:      first_bread, minmay_cupped, uniq_jessica, uniq_grinder, uniq_robin
D:4:      uniq_sigmund, uniq_natasha

Skill      XL: |  1 |
---------------+----+-----
Crossbows      | 2 |  2.3
Fighting       | |  1.0
Dodging        | |  1.5
Spellcasting   | |  1.3
Hexes          | |  2.7

Action                   || total
-------------------------++-------
Melee: Dagger            ||     2
 Fire: Hand crossbow     ||    38
 Cast: Corona            ||    12
Armor: Robe              ||     3
Dodge: Dodged            ||    17
